Map: Automaton LE

Players

Piroxiljin

  • Race: Terran Terran
  • Spawn Location: 9:00

A.I. 1 (Very Hard) - Winner!

  • Race: Zerg Zerg
  • Spawn Location: 3:00

VOD

Have the link to the VOD?

Description

Time

  • Played on: Feb. 2, 2019, 1:04 a.m.
  • Length: 10:37
Show
View Real Time Build Order
Export as new Build Order

Piroxiljin Terran 

Build Orders:  

Get SALT Encoding   

  12  0:01  SCV  
  13  0:14  SCV  
  14  0:22  Supply Depot  
  14  0:26  SCV  
  15  0:37  Refinery  
  15  0:44  SCV  
  15  0:49  Barracks  
  16  0:56  SCV  
  17  1:08  SCV  
  18  1:20  SCV  
  19  1:28  Supply Depot  
  19  1:36  Orbital Command  
  19  1:39  Barracks Reactor  
  19  1:47  Barracks  
  19  2:19  Marine x2  
  21  2:28  SCV  
  22  2:40  SCV, Marine x2  
  22  2:42  Barracks Tech Lab  
  25  2:49  Command Center  
  25  2:57  SCV  
  25  2:58  Refinery  
  26  3:02  Marauder  
  26  3:03  Concussive Shells  
  28  3:09  SCV  
  28  3:12  Marine x2  
  31  3:31  Supply Depot  
  31  3:32  Supply Depot  
  31  3:34  Supply Depot  
  31  3:46  Marauder, Marine x2  
  35  3:50  Combat Shield  
  35  4:08  Marauder  
  37  4:16  Engineering Bay  
  37  4:22  Orbital Command  
  37  4:29  Marauder, Marine  
  34  5:02  Terran Infantry Weapons Level 1  
  34  5:06  Engineering Bay  
  34  5:11  Marine x3  
  34  5:14  Barracks  
  37  5:19  Stimpack  
  37  5:24  SCV  
  38  5:29  Marine  
  38  5:30  Marauder  
  38  5:33  Refinery  
  41  5:36  SCV  
  43  5:42  SCV  
  43  5:48  SCV  
  44  5:52  Supply Depot  
  44  5:55  SCV, Supply Depot  
  45  6:00  SCV, Bunker  
  46  6:07  Missile Turret  
  46  6:11  Barracks Tech Lab  
  46  6:13  SCV, Marine x2  
  49  6:19  Terran Infantry Armor Level 1  
  49  6:24  Missile Turret  
  49  6:25  SCV  
  50  6:39  SCV  
  51  6:41  SCV  
  52  6:51  SCV  
  52  6:52  Refinery  
  52  6:54  SCV  
  54  6:57  Factory  
  54  7:00  Marine x3  
  54  7:01  Marauder  
  59  7:03  SCV  
  60  7:16  Missile Turret  
  60  7:18  Marauder  
  62  7:24  Supply Depot x2  
  62  7:26  SCV  
  63  7:32  Neosteel Armor  
  63  7:35  Marine x3  
  66  7:38  SCV  
  66  7:39  Marine  
  68  7:47  Missile Turret  
  68  7:53  Marine x3  
  71  8:01  Barracks  
  71  8:12  Armory, Factory Tech Lab  
  71  8:22  Marine x2  
  71  8:23  Marine x2  
  75  8:34  Ghost Academy  
  75  8:36  Mag-Field Accelerator  
  75  8:38  Cyclone  
  75  8:40  Marine x2  
  82  8:41  Marauder  
  82  8:42  Marauder  
  84  9:02  Bunker  
  84  9:10  Cyclone  
  84  9:17  Marine x4  
  47  9:40  Unknown  
  47  9:42  Siege Tank  
  47  9:44  Unknown  
  28  10:09  Marine  
  28  10:12  Marine x2  
  28  10:13  Marine  
  23  10:32  Unknown  
Show
View Real Time Build Order
Export as new Build Order

A.I. 1 (Very Hard) Zerg - Winner!

Build Orders: Pool First 

Get SALT Encoding   

  12  0:00  Drone  
  13  0:12  Overlord  
  13  0:17  Drone  
  14  0:30  Drone  
  14  0:31  Drone  
  14  0:34  Drone  
  17  0:47  Spawning Pool  
  17  0:49  Drone  
  17  1:11  Hatchery  
  17  1:15  Drone  
  17  1:19  Extractor  
  17  1:21  Extractor  
  17  1:23  Drone  
  16  1:26  Drone  
  16  1:32  Drone  
  18  1:38  Drone  
  19  1:49  Overlord  
  19  1:59  Queen  
  21  2:05  Zergling x2  
  22  2:10  Drone  
  23  2:26  Queen  
  25  2:33  Drone  
  26  2:38  Drone  
  26  2:43  Drone  
  28  2:46  Drone  
  29  3:01  Roach Warren  
  29  3:03  Drone  
  29  3:06  Drone  
  29  3:10  Zergling x2  
  29  3:12  Zergling x2  
  32  3:19  Overlord  
  32  3:22  Drone  
  32  3:24  Drone  
  34  3:41  Roach x2  
  36  3:43  Roach  
  36  3:44  Roach  
  42  3:49  Lair  
  42  3:54  Overlord  
  42  3:59  Overlord  
  42  4:03  Zergling x2  
  42  4:05  Zergling x2  
  44  4:12  Drone x2, Zergling x2  
  44  4:15  Drone  
  48  4:18  Drone  
  48  4:20  Drone  
  48  4:24  Roach  
  52  4:28  Roach  
  54  4:32  Overlord  
  54  4:40  Drone  
  54  4:42  Drone  
  54  4:44  Drone  
  57  4:46  Drone  
  57  4:49  Infestation Pit  
  54  4:56  Queen  
  54  4:57  Drone  
  55  5:01  Drone  
  56  5:07  Hydralisk Den  
  56  5:12  Drone  
  56  5:15  Drone  
  56  5:17  Drone  
  56  5:19  Drone  
  59  5:23  Overlord  
  59  5:26  Drone  
  59  5:28  Drone  
  61  5:30  Drone  
  61  5:31  Drone  
  61  5:33  Drone  
  64  5:35  Drone  
  64  5:37  Drone, Hydralisk  
  64  5:41  Hydralisk  
  70  5:44  Overlord  
  70  5:48  Hydralisk  
  72  5:51  Hydralisk  
  72  5:53  Drone  
  72  5:55  Drone  
  75  6:02  Infestor, Drone  
  75  6:03  Overlord, Ravager  
  79  6:08  Drone, Roach  
  82  6:21  Infestor, Hydralisk, Roach  
  82  6:22  Ravager  
  82  6:23  Overlord  
  82  6:24  Evolution Chamber  
  82  6:25  Drone  
  89  6:32  Roach  
  91  6:40  Extractor  
  91  6:41  Infestor, Hydralisk, Overlord, Roach  
  91  6:42  Roach  
  98  6:49  Hydralisk  
  98  6:50  Extractor, Zerg Missile Weapons Level 1  
  99  6:59  Evolution Chamber, Hydralisk, Overlord  
  100  7:03  Drone x2  
  100  7:05  Drone  
  103  7:10  Spine Crawler, Drone  
  103  7:12  Drone x3  
  106  7:18  Overlord  
  106  7:19  Spine Crawler  
  106  7:20  Drone  
  106  7:22  Infestor  
  108  7:31  Overseer  
  108  7:36  Zerg Ground Armor Level 1  
  108  7:39  Overlord, Roach  
  108  7:41  Roach  
  108  7:43  Roach  
  114  7:47  Hydralisk  
  116  7:52  Hatchery, Hydralisk  
  116  7:57  Drone, Spore Crawler x2  
  116  7:58  Drone  
  117  7:59  Overlord  
  117  8:08  Lurker Den  
  117  8:10  Drone  
  117  8:32  Spine Crawler  
  116  8:35  Hive  
  116  8:56  Queen  
  118  9:03  Overlord  
  118  9:04  Queen  
  118  9:05  Drone x4  
  118  9:06  Drone x4  
  118  9:07  Drone x3  
  118  9:08  Drone x4  
  118  9:09  Drone x2  
  137  9:13  Drone x3  
  137  9:15  Drone  
  141  9:17  Extractor, Drone  
  141  9:24  Zergling x2  
  127  9:25  Drone, Baneling Nest  
  127  9:26  Drone  
  127  9:28  Zergling x2  
  127  9:29  Drone, Zergling x2  
  120  9:34  Drone  
  120  9:36  Drone  
  120  9:37  Drone  
  121  9:44  Hydralisk  
  121  9:45  Roach x2  
  124  9:46  Hydralisk  
  124  9:47  Viper, Roach  
  131  9:56  Hydralisk x2  
  131  9:57  Overlord  
  131  9:58  Roach  
  131  9:59  Roach  
  139  10:01  Roach  
  141  10:11  Baneling  
  144  10:15  Overlord  
  144  10:19  Ravager x2  
  144  10:21  Extractor, Drone  
Tags
 
Matchup
TvZ
Opening
Pool First
Spawn Locations
Cross Positions
Add a new tag
Caveats
  • Supply blocks, unpowered buildings, or Contaminate may cause inaccurate times.
  • Supply counts are checked every 10 seconds.